 Dungeon Crawl Stone Soup version 0.30-a0-743-gbfdf073431 (webtiles) character file.

Game seed: 11912813067273436814

4 gelatine the Stinger (level 1, -3/13 HPs)
             Began as a Demonspawn Venom Mage on Feb 6, 2023.
             Slain by a goblin
             ... wielding a +0 club
              (4 damage)
             ... on level 1 of the Dungeon.
             The game lasted 00:00:27 (156 turns).

gelatine the Stinger (Demonspawn Venom Mage)         Turns: 156, Time: 00:00:27

Health: -3/13      AC:  2    Str:  8    XL:     1   Next: 58%
Magic:  0/3        EV: 12    Int: 16    God:
Gold:   0          SH:  0    Dex: 13    Spells: 3/4 levels left

rFire   . . .      SeeInvis .    (no weapon)
rCold   . . .      Faith    .    (no shield)
rNeg    . . .      Spirit   .    a - +0 robe
rPois   .          Reflect  .    (no helmet)
rElec   .          Harm     .    (no cloak)
rCorr   .          Rampage  .    (no gloves)
Will    .....                    (no boots)
Stlth   ++                       (no amulet)
HPRegen 0.22/turn                (no ring)
MPRegen 0.08/turn                (no ring)

@: very slightly contaminated
A: no striking features
a: no special abilities


You were on level 1 of the Dungeon.
You visited 1 branch of the dungeon, and saw 1 of its levels.

Inventory:

Armour
 a - a +0 robe (worn)
Jewellery
 d - an amulet of guardian spirit
Scrolls
 c - a scroll of teleportation {unknown}
Potions
 b - a potion of magic


   Skills:
 + Level 1.8 Dodging
 + Level 1.7 Stealth
 + Level 2.1 Spellcasting
 + Level 0.8 Transmutations
 + Level 3.1 Poison Magic


You had 3 spell levels left.
You knew the following spells:

 Your Spells              Type           Power      Damage    Failure   Level
a - Sting                 Tmut/Pois      32%        1d4       9%          1

Your spell library contained the following spells:

 Spells                   Type           Power      Damage    Failure   Level
 Poisonous Vapours        Pois/Air       12%        N/A       16%         2
 Mephitic Cloud           Conj/Pois/Air  5%         N/A       36%         3
 Olgreb's Toxic Radiance  Pois           11%        N/A       50%         4


Dungeon Overview and Level Annotations

Branches:
Dungeon (1/15)

Altars:


Message History

HP restored.
A rat and a bat come into view.
Found a twisted copper amulet.
The bat closely misses you.
The sting hits the bat.
The bat is poisoned.
The bat is moderately wounded.
The bat completely misses you.
You closely miss the bat.
The bat is heavily wounded.
The bat hits you but does no damage.
The sting hits the bat.
The bat looks even sicker.
You kill the bat!
The sting misses the rat.
The rat bites you but does no damage.
You closely miss the rat. The rat barely misses you.
You barely miss the rat. The rat barely misses you.
You hit the rat but do no damage. The rat barely misses you.
You hit the rat.
You kill the rat!
You see here a rat corpse.
d - an amulet of guardian spirit You see here a bat corpse.
A goblin comes into view. It is wielding a +0 club.
The goblin shouts!
The goblin moves out of view.
A goblin is nearby!
You miscast Sting.
You are very lightly contaminated with residual magic.
Nothing appears to happen.
You miscast Sting.
Nothing appears to happen.
The sting misses the goblin.
The goblin hits you with a +0 club.
You barely miss the goblin. The goblin hits you with a +0 club.
You closely miss the goblin. The goblin hits you with a +0 club.
You closely miss the goblin. The goblin hits you but does no damage.
You hit the goblin but do no damage. The goblin hits you with a +0 club.
* * * LOW HITPOINT WARNING * * *
You hit the goblin.
The goblin is moderately wounded.
The goblin hits you with a +0 club.
You die...

....######.##.....
##........##.....
#.............### ##
#........###..# ...
.#.#...########..#
......................#
.....####.#..#####.# #
#..g.#..........#
###.##@######.#####
..........††.......#
......#.#............#
...^..#.......##..~~.♣
....# #.......# .~~P~~
##.. #.......# ..~.~.
#. #.......# #.#.# #
#.......# .#.#
#.......#


You could see a goblin.

Vanquished Creatures
  A bat (D:1)
  A hobgoblin (D:1)
  A quokka (D:1)
  A rat (D:1)
4 creatures vanquished.

Notes
Turn   | Place    | Note
-------+----------+-------------------------------------------
     0 | D:1      | gelatine the Demonspawn Venom Mage began the quest for the
                  | Orb.
     0 | D:1      | Reached XP level 1. HP: 13/13 MP: 3/3
   156 | D:1      | Slain by a goblin

Illustrated notes

Levels and vault maps discovered:
D:1:      dpeg_arrival_arbitrary_c, layout_basic, serial_shops, shop,
          chequers_jeans, serial_bayou_pond_e, minmay_tall_x

Action                     || total
---------------------------++-------
  Melee: Unarmed           ||    10
   Cast: Sting             ||     9
 Armour: Robe              ||     3
  Dodge: Dodged            ||     5

Table legend: (Time is in decaauts)
 A = Elapsed time spent in this place.
 B = Non-inter-level travel time spent in this place.
 C = Inter-level travel time spent in this place.
 D = Time resting spent in this place.
 E = Time spent auto-exploring this place.
 F = Levels seen in this place.
 G = Mean time per level.
                   A        B        C        D        E       F      G
               +--------+--------+--------+--------+--------+-----+--------+
         Total |    156 |    156 |      0 |      0 |    123 |   1 |  156.0 |
       Dungeon |    156 |    156 |      0 |      0 |    123 |   1 |  156.0 |
               +--------+--------+--------+--------+--------+-----+--------+

Top non-repeatable levels by time:
     D:1: 156 daAuts
